cohdb
Replays
Latest Replays
All Replays
Popular Replays
Top Player Replays
Match Explorer
How It Works
Community
CoH3 Stats
Reddit
Sign in to upload your games and track your stats! →
Sign in with Steam
Match 42762261
Unlisted
Match 42762261
Overview
Messages
Build Orders
End
Royal Engineer Section
Construct Section Command Post
Selects Canadian Shock Battlegroup
Vickers Machine Gun Team
Infantry Section
Construct Field Infirmary
Selects Attacking Spirit
Selects Canadian Shock Section
Infantry Section
Construct Platoon Command Post
Selects Incendiary Munitions
Grenade Package
Unlock M3 Stuart Light Tanks
6-pounder Anti-tank Gun Team
Infantry Section
M3 Stuart Light Tank
Selects Pyrotechnics
M3 Stuart Light Tank
Selects Smoke Operation
Construct Company Command Post
Unlock M3 Grant Medium Tanks
Foot Guards Section
Foot Guards Section
M3 Grant Medium Tank
Infantry Training
Abeli
smokeybear
Space Dog Mike
Rook my Grock!
0
0
Comments
sign in to comment!
No comments posted yet!